 Dungeon Crawl Stone Soup version 0.28-a0-397-g1a7b1a870f (webtiles) character file.

Game seed: 7180497012919531853

1251 Jawa73 the Grasshopper (level 8, -2/64 HPs)
             Began as a Gnoll Warper on Sept 4, 2021.
             Succumbed to a hornet's poison
             ... on level 5 of the Dungeon.
             The game lasted 00:25:24 (8381 turns).

Jawa73 the Grasshopper (Gnoll Warper)               Turns: 8381, Time: 00:25:25

Health: -2/64      AC:  6    Str: 17    XL:     8   Next: 51%
Magic:  12/17      EV: 13    Int: 21    God:
Gold:   198        SH:  0    Dex: 11    Spells: 4/19 levels left

rFire   . . .      SeeInvis .   b - +2 dagger (venom)
rCold   . . .      Faith    .   (no shield)
rNeg    . . .      Spirit   .   y - +0 leather armour
rPois   .          Reflect  .   m - +1 helmet
rElec   .          Harm     .   (no cloak)
rCorr   .          Rampage  .   s - +0 pair of gloves
Will    .....                   (no boots)
Stlth   ++........              (no amulet)
HPRegen 0.20/turn               q - +6 ring of intelligence
MPRegen 0.15/turn               x - +6 ring of strength

@: lethally poisoned (-2 -> -13), slowed, very slow
A: fangs 1, strong nose, distributed training
a: no special abilities


You were on level 5 of the Dungeon.
You visited 1 branch of the dungeon, and saw 6 of its levels.

You collected 272 gold pieces.
You spent 74 gold pieces at shops.

Inventory:

Hand Weapons
 a - a +1 vorpal spear
 b - a +2 dagger of venom (weapon)
 k - a +3 flail of draining
 v - a +3 spear
Missiles
 d - 5 boomerangs of dispersal
 h - 119 stones
 i - 24 poisoned darts (quivered)
 z - 3 boomerangs
Armour
 m - a +1 helmet (worn)
 s - a +0 pair of gloves (worn)
 y - a +0 leather armour (worn)
Jewellery
 q - a +6 ring of intelligence (left hand)
 x - a +6 ring of strength (right hand)
Wands
 o - a wand of flame (6)
 p - a wand of iceblast (5)
 w - a wand of acid (9)
Scrolls
 c - a scroll of blinking
 r - a scroll of noise
 u - a scroll of vulnerability
Potions
 e - 3 potions of curing
 f - a potion of haste {unknown}
 g - 3 potions of might
 j - a potion of berserk rage {unknown}
 l - 2 potions of heal wounds
 n - a potion of degeneration {unknown}
 t - a potion of attraction {unknown}


   Skills:
 + Level 5.7 Fighting
 + Level 3.3 Short Blades
 + Level 3.3 Long Blades
 + Level 3.3 Axes
 + Level 3.3 Maces & Flails
 + Level 5.7 Polearms
 + Level 3.3 Staves
 + Level 3.3 Slings
 + Level 3.3 Bows
 + Level 3.3 Crossbows
 + Level 4.2 Throwing
 + Level 4.2 Armour
 + Level 5.7 Dodging
 + Level 3.3 Stealth
 + Level 3.3 Shields
 + Level 3.3 Unarmed Combat
 + Level 6.1 Spellcasting
 + Level 2.7 Conjurations
 + Level 2.7 Hexes
 + Level 2.7 Summonings
 + Level 2.7 Necromancy
 + Level 6.1 Translocations
 + Level 2.7 Transmutations
 + Level 2.7 Fire Magic
 + Level 2.7 Ice Magic
 + Level 2.7 Air Magic
 + Level 2.7 Earth Magic
 + Level 2.7 Poison Magic
 + Level 3.6 Invocations
 + Level 3.3 Evocations


You had 4 spell levels left.
You knew the following spells:

 Your Spells              Type           Power      Damage    Failure   Level
a - Blink                 Tloc           N/A        N/A       1%          2
b - Gell's Gravitas       Tloc           16%        N/A       2%          3
c - Teleport Other        Tloc           32%        N/A       2%          3
d - Corpse Rot            Necr/Air       N/A        N/A       5%          2
e - Manifold Assault      Tloc           32%        N/A       26%         5

Your spell library contained the following spells:

 Spells                   Type           Power      Damage    Failure   Level
 Lesser Beckoning         Tloc           32%        N/A       2%          3
 Dispel Undead            Necr           17%        3d10      36%         4
 Death Channel            Necr           8%         N/A       99%         6
 Malign Gateway           Summ/Tloc      12%        N/A       100%        7
 Summon Horrible Things   Summ           8%         N/A       100%        8


Dungeon Overview and Level Annotations

Branches:
Dungeon (6/15)
 Temple: D:4-7

Altars:
Kikubaaqudgha

Shops:
D:2 *


Innate Abilities, Weirdness & Mutations

You have very sharp teeth.
Your uncanny sense of smell can sniff out nearby items.
Your experience applies equally to all skills.


Message History

Confirm with . or Enter, or press ? or * to list all spells.
You blink.
Casting: Blink (safe; 1% risk of failure)
Confirm with . or Enter, or press ? or * to list all spells.
Aiming: Gell's Gravitas (dangerous; 2% risk of failure)
Press: ? - help, Dir - move target, f - black bear, p - hornet
Aim: a black bear Gravity reorients around the black bear.
The hornet collides with the black bear!
The hornet closely misses you. x2
You completely miss the hornet.
The hornet is lightly wounded.
You feel yourself speed up. The hornet stings you!
* * * LOW HITPOINT WARNING * * *
You feel yourself slow down. The hornet barely misses you.
The hornet stings you.
* * * LOW HITPOINT WARNING * * *
You feel as though you will be slow longer.
Casting: Gell's Gravitas (dangerous; 2% risk of failure)
Confirm with . or Enter, or press ? or * to list all spells.
You blink.
Unknown command.
Blink to where?
Press: ? - help, Dir - move target, p - black bear
As you read the scroll of blinking, it crumbles to dust.
You feel yourself speed up.
Throw: 25 darts (poison)
Press: ? - help, Q - select action, (/) - cycle Shift-Dir - straight line, f - hornet
Aim: a hornet (lightly wounded, 46% to hit)
You throw a poisoned dart. The poisoned dart hits the hornet.
The hornet is poisoned.
The hornet is lightly wounded.
There is a stone staircase leading up here.
The hornet stings you.
* * * LOW HITPOINT WARNING * * *
You are lethally poisoned!
You feel yourself slow down.
You climb upwards.
You die...

#.#..########..## #########
#.#..# ###..# ........#
#.#..# #....#
........#######.#..# #.#.##
........#....##.#..# #.#.#
..)................######.#.#
..........................#.#
............................#
................@.#########.#
................#.#########.#
............................#
..............###..########.#
..............###...........#
....#.........'.....#######.#
.....#........###..## #.#
.....#........# #..# #.#
..............# #..# #.#


There were no monsters in sight!

Vanquished Creatures
  A sky beast (D:3)
  A necrophage (D:4)
  An ogre (D:5)
  2 phantoms (D:5)
  A bullfrog (D:6)
  A water moccasin skeleton (D:6)
  A howler monkey (D:6)
  A bullfrog skeleton (D:6)
  4 hounds
  2 gnoll shamans (D:6)
  Terence (D:2)
  Natasha (twice) (D:2)
  A centaur skeleton (D:5)
  3 iguanas (D:5)
  2 orc wizards (D:6)
  Robin (D:2)
  6 adders
  8 gnolls (D:6)
  2 ufetubi (D:5)
  2 worms
  2 dart slugs
  10 orcs
  3 endoplasms
  2 giant cockroaches
  12 goblins
  11 hobgoblins
  5 quokkas
  7 ball pythons
  2 bats (D:2)
  5 kobolds
  6 rats
108 creatures vanquished.

Vanquished Creatures (others)
  An orc (D:6)
1 creature vanquished.

Grand Total: 109 creatures vanquished

Notes
Turn   | Place    | Note
-------+----------+-------------------------------------------
     0 | D:1      | Jawa73 the Gnoll Warper began the quest for the Orb.
     0 | D:1      | Reached XP level 1. HP: 20/20 MP: 6/6
   244 | D:1      | Reached XP level 2. HP: 17/26 MP: 7/7
   808 | D:1      | Found a faded altar of an unknown god.
  1119 | D:1      | Reached XP level 3. HP: 31/31 MP: 9/9
  1314 | D:2      | Reached skill level 5 in Spellcasting
  1319 | D:2      | Learned a level 2 spell: Blink
  1323 | D:2      | Learned a level 3 spell: Gell's Gravitas
  1409 | D:2      | Found Tuorier's Assorted Antiques.
  1445 | D:2      | Bought a scroll labelled IFUFUT HUNURGH for 19 gold pieces
  1445 | D:2      | Bought a scroll labelled DUACSA GIU for 19 gold pieces
  1445 | D:2      | Bought a scroll labelled CYCKUL NILEUC for 19 gold pieces
  1445 | D:2      | Bought a brown potion for 17 gold pieces
  1585 | D:2      | Reached skill level 1 in Invocations
  1887 | D:2      | You fall into a shaft and drop 2 floors!
  1933 | D:4      | Learned a level 3 spell: Teleport Other
  1934 | D:3      | Noticed a sky beast
  1941 | D:3      | HP: 1/31 [sky beast (5)]
  2162 | D:3      | Reached skill level 1 in Short Blades
  2162 | D:3      | Reached skill level 1 in Long Blades
  2162 | D:3      | Reached skill level 1 in Axes
  2162 | D:3      | Reached skill level 1 in Maces & Flails
  2162 | D:3      | Reached skill level 1 in Staves
  2162 | D:3      | Reached skill level 1 in Slings
  2162 | D:3      | Reached skill level 1 in Bows
  2162 | D:3      | Reached skill level 1 in Crossbows
  2162 | D:3      | Reached skill level 1 in Stealth
  2162 | D:3      | Reached skill level 1 in Shields
  2162 | D:3      | Reached skill level 1 in Unarmed Combat
  2162 | D:3      | Reached skill level 1 in Evocations
  2707 | D:2      | Noticed Robin
  2711 | D:2      | Reached XP level 4. HP: 33/38 MP: 7/11
  3267 | D:2      | Killed Robin
  3561 | D:2      | Reached skill level 1 in Conjurations
  3561 | D:2      | Reached skill level 1 in Hexes
  3561 | D:2      | Reached skill level 1 in Summonings
  3561 | D:2      | Reached skill level 1 in Necromancy
  3561 | D:2      | Reached skill level 1 in Transmutations
  3561 | D:2      | Reached skill level 1 in Fire Magic
  3561 | D:2      | Reached skill level 1 in Ice Magic
  3561 | D:2      | Reached skill level 1 in Air Magic
  3561 | D:2      | Reached skill level 1 in Earth Magic
  3561 | D:2      | Reached skill level 1 in Poison Magic
  3657 | D:2      | Noticed Natasha
  3676 | D:2      | Killed Natasha
  3677 | D:2      | Reached XP level 5. HP: 29/43 MP: 12/12
  3842 | D:2      | Noticed Terence
  3859 | D:2      | Killed Terence
  3982 | D:2      | Noticed Natasha
  4001 | D:2      | Killed Natasha
  4292 | D:3      | Killed a sky beast
  4293 | D:3      | Reached XP level 6. HP: 15/50 MP: 14/14
  5032 | D:4      | Reached skill level 5 in Fighting
  5032 | D:4      | Reached skill level 5 in Polearms
  5032 | D:4      | Reached skill level 5 in Dodging
  5494 | D:4      | Noticed a necrophage
  5509 | D:4      | Killed a necrophage
  5737 | D:5      | Entered Level 5 of the Dungeon
  5765 | D:5      | Reached XP level 7. HP: 11/56 MP: 6/15
  6588 | D:5      | Learned a level 2 spell: Corpse Rot
  7020 | D:5      | Found an ancient bone altar of Kikubaaqudgha.
  7331 | D:6      | Reached XP level 8. HP: 59/63 MP: 16/16
  8232 | D:6      | Learned a level 5 spell: Manifold Assault
  8350 | D:6      | Noticed a hornet
  8359 | D:6      | Paralysed by a hornet for 2 turns
  8367 | D:6      | HP: 3/64 [hornet (1)]
  8381 | D:5      | Succumbed to a hornet's poison

Illustrated notes

Levels and vault maps discovered:
D:1:      dpeg_arrival_long_road, layout_basic, dreamdust_ecumenical_altar_grove
D:2:      layout_basic, serial_shops, nicolae_shop_window_shopping, uniq_robin,
          uniq_terence, uniq_natasha
D:3:      layout_basic, solitary_fountain
D:4:      layout_basic
D:5:      layout_basic, lemuel_tele_altar
D:6:      layout_cave_pools, supply_closet_lemuel, minmay_misc_feat_tower

Skill      XL: |  1  2  3  4  5  6  7  8 |
---------------+-------------------------+-----
Spellcasting   | 5 6 |  6.1
Invocations    | 1 2 3 |  3.6
Short Blades   | 1 2 3 |  3.3
Long Blades    | 1 2 3 |  3.3
Axes           | 1 2 3 |  3.3
Maces & Flails | 1 2 3 |  3.3
Staves         | 1 2 3 |  3.3
Slings         | 1 2 3 |  3.3
Bows           | 1 2 3 |  3.3
Crossbows      | 1 2 3 |  3.3
Stealth        | 1 2 3 |  3.3
Shields        | 1 2 3 |  3.3
Unarmed Combat | 1 2 3 |  3.3
Evocations     | 1 2 3 |  3.3
Conjurations   | 1 2 |  2.7
Hexes          | 1 2 |  2.7
Summonings     | 1 2 |  2.7
Necromancy     | 1 2 |  2.7
Transmutations | 1 2 |  2.7
Fire Magic     | 1 2 |  2.7
Ice Magic      | 1 2 |  2.7
Air Magic      | 1 2 |  2.7
Earth Magic    | 1 2 |  2.7
Poison Magic   | 1 2 |  2.7
Throwing       | 3 4 |  4.2
Armour         | 3 4 |  4.2
Fighting       | 5 |  5.7
Polearms       | 5 |  5.7
Dodging        | 5 |  5.7
Translocations | 6 |  6.1

Action                   |  1- 3 |  4- 6 |  7- 9 || total
-------------------------+-------+-------+-------++-------
Melee: Spear             |   142 |   193 |   177 ||   512
       Bite              |     8 |     8 |    24 ||    40
       Punch             |       |     3 |     2 ||     5
       Dagger            |       |       |     2 ||     2
Throw: Dart              |     5 |    17 |    15 ||    37
       Stone             |       |     7 |     2 ||     9
 Cast: Teleport Other    |     2 |       |       ||     2
       Gell's Gravitas   |     1 |     9 |    14 ||    24
       Blink             |       |     4 |     7 ||    11
Evoke: Wand              |       |     2 |       ||     2
  Use: Scroll            |     6 |     3 |     3 ||    12
       Potion            |       |       |     1 ||     1
 Stab: Sleeping          |       |     2 |       ||     2
Armor: Leather armour    |    35 |    38 |    55 ||   128
Dodge: Dodged            |    72 |   117 |   103 ||   292

Table legend: (Time is in decaauts)
 A = Elapsed time spent in this place.
 B = Non-inter-level travel time spent in this place.
 C = Inter-level travel time spent in this place.
 D = Time resting spent in this place.
 E = Time spent auto-exploring this place.
 F = Levels seen in this place.
 G = Mean time per level.
                   A        B        C        D        E       F      G
               +--------+--------+--------+--------+--------+-----+--------+
         Total |   8310 |   7942 |    368 |   1780 |   4598 |   6 | 1385.0 |
       Dungeon |   8310 |   7942 |    368 |   1780 |   4598 |   6 | 1385.0 |
               +--------+--------+--------+--------+--------+-----+--------+

Top non-repeatable levels by time:
     D:5: 1862 daAuts
     D:1: 1780 daAuts
     D:2: 1769 daAuts
     D:3: 1278 daAuts
     D:4: 868 daAuts
     D:6: 751 daAuts
